 Dungeon Crawl Stone Soup version 0.21-a0-582-g1b93aee (webtiles) character file.

28 theanonym the Poker (level 3, -1/28 HPs)
             Began as a Human Skald on Dec 19, 2017.
             Slain by a goblin
             ... wielding a +0 dagger
             ... led by Robin
              (3 damage)
             ... on level 1 of the Dungeon.
             The game lasted 00:01:43 (1107 turns).

theanonym the Poker (Human Skald)                   Turns: 1107, Time: 00:01:44

Health: -1/28      AC:  3    Str: 12    XL:     3   Next: 27%
Magic:  1/6        EV: 11    Int: 13    God:
Gold:   92         SH:  3    Dex: 12    Spells: 3/6 levels left

rFire    . . .     SeeInvis .   a - +0 spear
rCold    . . .     Gourm    .   j - +0 buckler
rNeg     . . .     Faith    .   b - +0 leather armour {4}
rPois    .         Spirit   .   (no helmet)
rElec    .         Reflect  .   (no cloak)
rCorr    .         Harm     .   (no gloves)
MR       .....                  (no boots)
Stlth    ++........             (no amulet)
HPRegen  0.09/turn              h - ring of stealth {Stlth+}
MPRegen  0.10/turn              (no ring)

@: infused, singing, flying
A: no striking features
a: no special abilities


   Skills:
 + Level 2.5 Fighting
 * Level 3.1 Polearms
 - Level 1.0 Armour
 - Level 2.0 Dodging
 - Level 2.0 Spellcasting
 - Level 3.0 Charms


You had 3 spell levels left.
You knew the following spells:

 Your Spells              Type           Power        Failure   Level  Hunger
a - Infusion              Chrm           #...         16%         1    ##.....
b - Song of Slaying       Chrm           #.......     24%         2    ###....

Skill      XL: |  1  2  3 |
---------------+----------+-----
Polearms       | 3 |  3.1
Fighting       | |  2.5
Armour         | |  1.0
Dodging        | |  2.0
Spellcasting   | |  2.0
Charms         | |  3.0

Action                   || total
-------------------------++-------
Melee: Spear             ||    80
 Cast: Infusion          ||     4
       Song of Slaying   ||     1
  Use: Potion            ||     1
 Stab: Sleeping          ||     1
  Eat: Chunk             ||     1
Armor: Leather armour    ||    20
Dodge: Dodged            ||    42
Block: Buckler           ||     2

Inventory:

Hand Weapons
 a - a +0 spear (weapon)
Armour
 b - a +0 leather armour (worn) {4}
 j - a +0 buckler (worn)
   (You found it on level 1 of the Dungeon)
Jewellery
 h - a ring of stealth (left hand) {Stlth+}
   (You found it on level 1 of the Dungeon)
Scrolls
 d - a scroll of immolation {unknown}
 i - a scroll of random uselessness {unknown}
Books
 c - a book of Battle
Comestibles
 e - 2 rations


You were on level 1 of the Dungeon.
You were not hungry.

You visited 1 branch of the dungeon, and saw 2 of its levels.

You collected 92 gold pieces.

Dungeon Overview and Level Annotations

Branches:
Dungeon (2/15)

Altars:

Annotations:
D:2 Robin


Message History

Some of the chunks of flesh in your inventory have rotted away.
Found a buckler.
You see here a buckler.
You open the door.
There is an open door here.
As you open the door, it creaks loudly!
There is an open door here.
There is an open door here.
You see here a dagger.
There is an open door, spattered with blood here.
Done exploring.
Done exploring.
Done exploring.
Search for what [? for help]? buck
There is an open door, spattered with blood here.
You see here a dagger.
There is an open door here.
Eating one of 2 chunks of flesh.
You eat one of the 2 chunks of flesh.
You see here a club.
You see here a club.
There is an open door here.
There is an open door here.
You see here a buckler.
j - a buckler Wear which item? (? for menu, Esc to quit)
You start putting on your armour.
You continue putting on your buckler. x3
All of the chunks of flesh in your inventory have rotted away.
You continue putting on your buckler.
You finish putting on your +0 buckler.
Done exploring.
Search for what [Enter for "buck", or ? for help]? armor || polea
There is a stone staircase leading down here.
You climb downwards. 5 goblins, a hobgoblin and Robin come into view.
The hobgoblin shouts!
You hear a shout!
There is a stone staircase leading up here.
The goblin shouts! x4
Robin roars a battlecry!
The goblins go into a battle-frenzy!
You hear a shout!
You climb upwards.
There is a stone staircase leading down here.
Memorise Song of Slaying, consuming 2 spell levels and leaving 3?
You start memorising the spell.
You continue memorising. x2
You finish memorising.
Spell assigned to 'b'.
You climb downwards.
Level annotation: Robin The goblin hits you.
The goblin hits you with a dagger.
There is a stone staircase leading up here.
You take 5 damage, and have 23/28 hp.
You start singing a song of slaying.
The goblin shouts!
You hear a shout!
The goblin misses you. The goblin hits you with a dagger.
You take 1 damage, and have 22/28 hp.
You now have 4/6 mp.
You begin infusing your attacks with magical energy.
The goblin hits you. The goblin barely misses you.
A hobgoblin comes into view. It is wielding a club.
You take 1 damage, and have 21/28 hp.
You now have 3/6 mp.
You closely miss the goblin. The goblin hits you but does no damage.
The goblin barely misses you. The goblin hits you but does no damage.
* * * LOW MAGIC WARNING * * *
You hit the goblin. The goblin barely misses you. The goblin hits you.
Robin hits you from afar with a trident.
* * * LOW HITPOINT WARNING * * *
The goblin barely misses you. The goblin hits you with a dagger.
* * * LOW HITPOINT WARNING * * *
A goblin comes into view. It is wielding a dagger.
You take 11 damage, and have 10/28 hp.
MASSIVE DAMAGE!!
You now have 2/6 mp.
You are too injured to fight recklessly!
You are too injured to fight recklessly!
You are too injured to fight recklessly!
You are too injured to fight recklessly!
* * * LOW MAGIC WARNING * * *
The goblin shouts!
You hit the goblin.
You kill the goblin!
The goblin barely misses you. The goblin hits you.
* * * LOW HITPOINT WARNING * * *
You block the goblin's attack. Robin throws the goblin at you!
* * * LOW HITPOINT WARNING * * *
A goblin comes into view.
You take 5 damage, and have 5/28 hp.
You now have 1/6 mp.
You block the goblin's attack. The goblin closely misses you.
The goblin hits you.
* * * LOW HITPOINT WARNING * * *
The goblin hits you but does no damage.
You climb upwards.
There is a stone staircase leading down here.
You take 3 damage, and have 2/28 hp.
* * * LOW MAGIC WARNING * * *
You hit the goblin!
You kill the goblin!
The goblin misses you.
You now have 0/6 mp.
It was a potion of flight.
You feel very buoyant.
You fly up into the air.
The goblin barely misses you. The goblin hits you but does no damage.
You miss the goblin. The goblin hits you with a dagger.
You die...

##################
...............g@#
.####.##########g#
.# #.# #g# .# #.#
#.# .# #.# #.# .#
#.# #.# .# #.# #.#
.# #.# #.# .#
##+###### #.#


You could see 3 goblins.

Notes
Turn   | Place    | Note
-------+----------+-------------------------------------------
     0 | D:1      | theanonym the Human Skald began the quest for the Orb.
     0 | D:1      | Reached XP level 1. HP: 16/16 MP: 3/3
    16 | D:1      | HP: 8/16 [goblin/dagger (1)]
    22 | D:1      | HP: 5/16 [goblin (4)]
   304 | D:1      | Reached XP level 2. HP: 20/22 MP: 5/5
   533 | D:1      | Reached XP level 3. HP: 15/28 MP: 6/6
   697 | D:1      | Reached skill level 3 in Polearms
  1090 | D:2      | Noticed Robin
  1096 | D:1      | Learned a level 2 spell: Song of Slaying
  1101 | D:2      | HP: 13/28 [Robin/trident (4)]
  1102 | D:2      | HP: 6/28 [goblin[Robin] (4)]
  1103 | D:2      | HP: 1/28 [goblin[Robin] (4)]
  1107 | D:1      | Slain by a goblin

Vanquished Creatures
  An ooze (D:1)
  A dart slug (D:1)
  A ball python (D:1)
  7 goblins
  4 hobgoblins (D:1)
  2 bats (D:1)
  2 kobolds (D:1)
  3 rats (D:1)
21 creatures vanquished.

Table legend:
 A = Turns spent in this place as a percentage of turns spent in the entire game.
 B = Non-inter-level travel turns spent in this place as a percentage of non-inter-level travel turns spent in the entire game.
 C = Inter-level travel turns spent in this place as a percentage of turns spent in this place.
 D = Turns resting spent in this place as a percentage of non-inter-level travel turns spent in this place.
 E = Turns spent auto-exploring this place as a percentage of non-inter-level travel turns spent in this place.
 F = Non-inter-level travel turns spent in this place divided by the number of levels of this place that you've seen.
                   A       B       C       D       E      F
               +-------+-------+-------+-------+-------+----------------------
         Total | 100.0 | 100.0 |   6.5 |  48.5 |  36.1 | 517.5
       Dungeon | 100.0 | 100.0 |   6.5 |  48.5 |  36.1 | 517.5
               +-------+-------+-------+-------+-------+----------------------
